 Dungeon Crawl Stone Soup version 0.29-a0-830-gcb1280458a (webtiles) character file.

Game seed: 10441775241674964203

42 zishaf the Magician (level 3, -5/26 HPs)
             Began as a Djinni Venom Mage on July 11, 2022.
             Slain by a goblin
             ... wielding a +0 dagger
             ... led by Robin
              (6 damage)
             ... on level 2 of the Dungeon.
             The game lasted 00:04:31 (1490 turns).

zishaf the Magician (Djinni Venom Mage)             Turns: 1490, Time: 00:04:32

Health: -5/26      AC:  2    Str:  7    XL:     3   Next: 77%
Gold:   62         EV: 16    Int: 18    God:
                   SH:  0    Dex: 13

rFire   + + .      SeeInvis .   b - +0 rapier
rCold   x . .      Faith    .   (no shield)
rNeg    . . .      Spirit   .   a - +0 robe
rPois   ∞          Reflect  .   (no helmet)
rElec   .          Harm     .   (no cloak)
rCorr   .          Rampage  .   (no gloves)
Will    .....                   (boots unavailable)
Stlth   ++........              (no amulet)
HPRegen 0.08/turn               p - +4 ring of evasion
MPRegen 0.00/turn               (no ring)

@: flying
A: sickness immunity, fire resistance 2, cold vulnerability 1, float, innate
caster, HP casting, extra vitality 1
a: no special abilities


You were on level 2 of the Dungeon.
You visited 1 branch of the dungeon, and saw 2 of its levels.

You collected 62 gold pieces.

Inventory:

Hand Weapons
 b - a +0 rapier (weapon)
Missiles
 c - 2 boomerangs (quivered)
 g - 6 poisoned darts
 m - a throwing net
Armour
 a - a +0 robe (worn)
Jewellery
 p - a +4 ring of evasion (left hand)
Wands
 l - a wand of polymorph (7)
Scrolls
 d - 4 scrolls of identify {unknown}
 f - a scroll of magic mapping {unknown}
 j - a scroll of fog {unknown}
 k - a scroll of amnesia {unknown}
 o - a scroll of teleportation {unknown}
 q - a scroll of noise {unknown}
Potions
 e - a potion of curing {unknown}
 h - a potion of heal wounds {unknown}
 i - a potion of lignification {unknown}
 n - a potion of berserk rage {unknown}


   Skills:
 + Level 0.8 Fighting
 + Level 2.9 Dodging
 - Level 2.0 Stealth
 * Level 2.9 Spellcasting


You couldn't memorise any spells.
You knew the following spells:

 Your Spells              Type           Power      Damage    Failure   Level
a - Sting                 Tmut/Pois      52%        1d5       4%          1
b - Poisonous Vapours     Pois/Air       26%        N/A       8%          2
e - Freeze                Ice            52%        1d7       4%          1
z - Mephitic Cloud        Conj/Pois/Air  13%        N/A       14%         3
A - Olgreb's Toxic Radia  Pois           13%        N/A       43%         4
Your spell library was empty.

Dungeon Overview and Level Annotations

Branches:
Dungeon (2/15)

Altars:

Shops:
D:1 (

Annotations:
D:2 Robin


Innate Abilities, Weirdness & Mutations

You are immune to sickness and miasma.
You are immune to poison.
Your flesh is very heat resistant. (rF++)
You are vulnerable to cold. (rC-)
You float through the air rather than walking.
You learn spells naturally, not from books.
Your magical power is your life essence.
You have superior vitality. (+4 MHP)


Message History

Aim: a goblin, wielding a +0 club (chance to affect: 96%)
The ball explodes into a vile cloud!
The stinking cloud engulfs the goblin but does no damage.
The stinking cloud engulfs the hobgoblin but does no damage.
Robin throws the goblin at you!
The hobgoblin is engulfed in noxious fumes.
The hobgoblin appears confused.
The goblin closely misses you.
A hobgoblin comes into view.
The goblin is engulfed in noxious fumes.
You barely miss the goblin.
Robin roars a battlecry!
The goblins go into a battle-frenzy!
The hobgoblin barely misses the goblin.
The hobgoblin hits itself but does no damage.
The goblin hits you with a +0 dagger.
The goblin unwields a +0 club.
The goblin wields a +0 sling.
The goblin shoots a sling bullet.
The sling bullet closely misses you.
The sling bullet closely misses the goblin.
A goblin comes into view. It is wielding a +0 dagger.
Robin throws the goblin at you!
You hear a shout!
You hit the goblin.
You kill the goblin!
You hear a shout!
The goblin hits you with a +0 dagger.
A goblin comes into view. It is wielding a +0 club.
The goblin shoots a sling bullet.
The sling bullet hits you.
A hobgoblin comes into view.
The goblin misses you.
The goblin shoots a sling bullet.
The sling bullet hits you.
Something barely misses the goblin.
The goblin hits you with a +0 dagger.
* * * LOW HITPOINT WARNING * * *
Things that are here:
a +0 dagger; a scroll labelled WOKYD QACOMA The goblin shoots a sling bullet.
The sling bullet hits you.
* * * LOW HITPOINT WARNING * * *
Robin throws the goblin at you! The goblin closely misses you.
You hear a shout!
The goblin attacks as you move away! The goblin hits you with a +0 dagger.
You die...

#.##.### .<...
#.....g# .gg.
#.####.# .g.
#.####g# #g#
#....#.# #.#
#.##.#.# #.#
#>##.#.# ##.##
#)##.#g# ##)g.##
#......# #[@g..#
####.###
###...#######
#[######...........#
#..g.....##.######..
###########.# #.#
#.# #.# ##########
#.#


You could see Robin and 4 goblins.

Vanquished Creatures
  A gnoll (D:2)
  An adder (D:2)
  A worm (D:2)
  2 bats (D:1)
  An endoplasm (D:1)
  3 giant cockroaches (D:1)
  A hobgoblin (D:1)
  2 kobolds
  A frilled lizard (D:1)
  3 goblins (D:2)
  5 rats
21 creatures vanquished.

Vanquished Creatures (others)
  5 fungi (D:2)
  A plant (D:2)
6 creatures vanquished.

Grand Total: 27 creatures vanquished

Notes
Turn   | Place    | Note
-------+----------+-------------------------------------------
     0 | D:1      | zishaf the Djinni Venom Mage began the quest for the Orb.
     0 | D:1      | zishaf set off with the following spells memorised: Sting,
                  | Poisonous Vapours, Mephitic Cloud, Olgreb's Toxic Radiance.
     0 | D:1      | Reached XP level 1. HP: 15/15 MP: 0/0
    43 | D:1      | Found Qayplima's Antique Weapon Emporium.
   331 | D:1      | Reached XP level 2. HP: 17/21 MP: 0/0
  1005 | D:2      | Reached XP level 3. HP: 23/26 MP: 0/0
  1005 | D:2      | Learned a level 1 spell: Freeze
  1484 | D:2      | Noticed Robin
  1489 | D:2      | HP: 1/26 [goblin/sling bullet[Robin] (5)]
  1490 | D:2      | Slain by a goblin

Illustrated notes

Levels and vault maps discovered:
D:1:      sevenhm_arrival_forest_fort_small_4, layout_rooms, serial_shops,
          nicolae_shop_stone, minmay_box_of_dots
D:2:      layout_loops_corners, shapermc_ecumenical_altar_acropolis, uniq_robin,
          uniq_jessica

Skill      XL: |  1  2 |
---------------+-------+-----
Stealth        | 2 |  2.0
Fighting       | |  0.8
Dodging        | |  2.9
Spellcasting   | |  2.9

Action                   || total
-------------------------++-------
Melee: Rapier            ||     2
Throw: Boomerang         ||    25
 Cast: Sting             ||    33
       Mephitic Cloud    ||     2
Armor: Robe              ||     5
Dodge: Dodged            ||    18

Table legend: (Time is in decaauts)
 A = Elapsed time spent in this place.
 B = Non-inter-level travel time spent in this place.
 C = Inter-level travel time spent in this place.
 D = Time resting spent in this place.
 E = Time spent auto-exploring this place.
 F = Levels seen in this place.
 G = Mean time per level.
                   A        B        C        D        E       F      G
               +--------+--------+--------+--------+--------+-----+--------+
         Total |   1496 |   1438 |     58 |    171 |   1042 |   2 |  748.0 |
       Dungeon |   1496 |   1438 |     58 |    171 |   1042 |   2 |  748.0 |
               +--------+--------+--------+--------+--------+-----+--------+

Top non-repeatable levels by time:
     D:1: 1036 daAuts
     D:2: 460 daAuts
